 Dungeon Sprint DCSS version 0.22-a0-224-g8cf3520 (webtiles) character file.

586 Ghella the Covert (level 7, -1/32 HPs)
             Began as a Spriggan Enchanter on Feb 19, 2018.
             Was a Believer of Dithmenos.
             Slain by a spriggan
             ... wielding a +2 dagger of freezing
              (3 damage)
             ... in the Dungeon (Sprint IV: "Fedhas' Mad Dash").
             The game lasted 00:02:27 (991 turns).

Ghella the Covert (Spriggan Enchanter)               Turns: 991, Time: 00:02:27

Health: -1/32      AC:  2    Str:  4    XL:     7   Next: 15%
Magic:  2/19       EV: 23    Int: 16    God:    Dithmenos [**....]
Gold:   95         SH:  0    Dex: 19    Spells: 18/21 levels left

rFire    . . .     SeeInvis +   a - +1 dagger
rCold    . . .     Gourm    .   (shield restricted)
rNeg     . . .     Faith    .   b - +0 robe
rPois    .         Spirit   .   (helmet restricted)
rElec    .         Reflect  .   (no cloak)
rCorr    .         Harm     .   (gloves unavailable)
MR       +....     NoTele   +   (boots unavailable)
Stlth    ++++++++..             h - amulet of invisibility {+Inv}
HPRegen  0.10/turn              (no ring)
MPRegen  0.16/turn              (no ring)

@: very slightly contaminated, wreathed by umbra, very quick
A: very small, unfitting armour, see invisible, herbivore, speed 3, slow
metabolism 2
a: Shadow Step, Renounce Religion, Evoke Invisibility


You were in the Dungeon.
You worshipped Dithmenos.
Dithmenos was pleased with you.
You were not hungry.

You visited 1 branch You collected 95 gold pieces.

Inventory:

Hand Weapons
 a - a +1 dagger (weapon)
Armour
 b - a +0 robe (worn)
Jewellery
 h - the amulet of invisibility (around neck) {+Inv}
   (You found it in the Dungeon)

   [amulet of nothing]

   It lets you turn invisible.
Scrolls
 i - a scroll of blinking
 j - a scroll of identify {unknown}
Potions
 d - a potion of curing
 e - a potion of heal wounds
 f - a potion of haste
 g - 2 potions of magic
Comestibles
 c - 3 rations


   Skills:
 + Level 1.1 Short Blades
 + Level 6.9 Dodging
 + Level 14.2 Stealth
 + Level 7.6 Spellcasting
 + Level 11.2 Hexes
 + Level 1.3 Ice Magic
 + Level 4.9 Evocations


You had 18 spell levels left.
You knew the following spells:

 Your Spells              Type           Power        Failure   Level  Hunger
a - Corona                Hex            #####..      1%          1    None
b - Ensorcelled Hibernat  Hex/Ice        ####..       1%          2    None


Dungeon Overview and Level Annotations

Branches:
Dungeon (1/1)

Altars:
Cheibriados
Dithmenos
Elyvilon
Gozag
Hepliaklqana
Kikubaaqudgha
Makhleb
Nemelex Xobeh
Okawaru
Qazlal
Ru
Sif Muna
Trog
Uskayaw
Vehumet
Wu Jian
Xom
Yredelemnul
Zin
The Shining One
Beogh
Jiyva
Lugonu


Innate Abilities, Weirdness & Mutations

You are very small and have problems with some larger weapons.
You are too small for most types of armour.
You have supernaturally acute eyesight. (SInv)
You are a herbivore.
You cover ground extremely quickly.
You need consume almost no food.


Message History

The spriggan misses you.
There is an open door here.
You hit the scorpion but do no damage. The scorpion misses you.
The spriggan closely misses you.
You hit the scorpion but do no damage. The scorpion closely misses you.
The spriggan completely misses you.
You closely miss the scorpion. The scorpion stings you!
Casting: Ensorcelled Hibernation (safe; 1% risk of failure)
Confirm with . or Enter, or press ? or * to list all spells.
Aiming: Ensorcelled Hibernation (safe; 1% risk of failure)
Press: ? - help, Shift-Dir - straight line, f - scorpion, p - spriggan
Aim: a scorpion (umbra, chance to defeat MR: 55%)
The scorpion resists with significant effort.
The spriggan barely misses you. The scorpion misses you.
The scorpion misses you.
The spriggan hits you with a dagger of freezing!
Ouch! That really hurt!
* * * LOW HITPOINT WARNING * * *
The spriggan freezes you.
You die...

#################################
#.....#.....#.⌠._._._._.⌠.#.('$..
'.....'.#...'.s_._._._._..'..#$..
#.....#.#...#..i@._._)_...#..# #+
##########'##.._._._._._..#..#
........'...#._._._._._.⌠.####
..♣.....#...###############
.♣..♣..###### ##+#####


You could see a spriggan and a scorpion.

Vanquished Creatures
  A queen bee (D)
  4 killer bees (D)
  4 oklob saplings (D)
  A worker ant (D)
  A spriggan (D)
  A river rat (D)
  A rat (D)
13 creatures vanquished.

Notes
Turn   | Place    | Note
-------+----------+-------------------------------------------
     0 | D        | Ghella the Spriggan Enchanter began the quest for the Orb.
     0 | D        | Reached XP level 1. HP: 9/9 MP: 5/5
     9 | D        | Reached skill level 5 in Stealth
     9 | D        | Reached skill level 5 in Hexes
     9 | D        | Reached XP level 2. HP: 13/13 MP: 7/7
   221 | D        | Learned a level 2 spell: Ensorcelled Hibernation
   224 | D        | Noticed an oklob sapling
   226 | D        | Killed an oklob sapling
   226 | D        | Reached skill level 7 in Stealth
   226 | D        | Reached XP level 3. HP: 16/16 MP: 9/9
   229 | D        | Found the amulet of invisibility {+Inv}
   480 | D        | Found an opulent altar of Gozag.
   480 | D        | Found a hazy altar of Hepliaklqana.
   480 | D        | Found a burning altar of Makhleb.
   480 | D        | Found a roughly hewn altar of Beogh.
   480 | D        | Found a sparkling altar of Nemelex Xobeh.
   480 | D        | Found a snail-covered altar of Cheibriados.
   480 | D        | Found a sacrificial altar of Ru.
   480 | D        | Found a deep blue altar of Sif Muna.
   480 | D        | Found a shimmering altar of Xom.
   480 | D        | Found a basalt altar of Yredelemnul.
   481 | D        | Found a viscous altar of Jiyva.
   481 | D        | Found a bloodstained altar of Trog.
   481 | D        | Found an ornate altar of the Wu Jian Council.
   481 | D        | Noticed an oklob sapling priest
   482 | D        | Found an iron altar of Okawaru.
   482 | D        | Found a shadowy altar of Dithmenos.
   482 | D        | Found a glowing silver altar of Zin.
   483 | D        | Found an ancient bone altar of Kikubaaqudgha.
   483 | D        | Found a hide-covered altar of Uskayaw.
   484 | D        | Found a stormy altar of Qazlal.
   484 | D        | Found a glowing golden altar of the Shining One.
   484 | D        | Found a white marble altar of Elyvilon.
   485 | D        | Found a radiant altar of Vehumet.
   485 | D        | Found a corrupted altar of Lugonu.
   488 | D        | Killed an oklob sapling priest
   488 | D        | Reached skill level 9 in Stealth
   488 | D        | Reached skill level 5 in Spellcasting
   488 | D        | Reached skill level 1 in Evocations
   488 | D        | Reached XP level 4. HP: 21/21 MP: 8/12
   494 | D        | Became a worshipper of Dithmenos the Shadowed
   519 | D        | Reached skill level 5 in Dodging
   519 | D        | Reached XP level 5. HP: 24/24 MP: 9/13
   532 | D        | Noticed a queen bee
   539 | D        | Killed a queen bee
   539 | D        | Reached skill level 12 in Stealth
   539 | D        | Reached skill level 10 in Hexes
   539 | D        | Reached skill level 1 in Ice Magic
   539 | D        | Reached XP level 6. HP: 28/28 MP: 11/16
   540 | D        | Reached * piety under Dithmenos
   540 | D        | Reached skill level 13 in Stealth
   544 | D        | Reached ** piety under Dithmenos
   544 | D        | Reached XP level 7. HP: 32/32 MP: 11/18
   924 | D        | Reached skill level 14 in Stealth
   991 | D        | Slain by a spriggan

Vault maps used:
D:        dungeon_sprint_fedhas

Skill      XL: |  1  2  3  4  5  6  7 |
---------------+----------------------+-----
Stealth        | 5 7 9 12 13 14 | 14.2
Spellcasting   | 3 5 6 7 |  7.6
Hexes          | 5 6 8 10 11 | 11.2
Dodging        | 4 5 6 |  6.9
Evocations     | 1 3 4 |  4.9
Ice Magic      | 1 |  1.3
Short Blades   | |  1.1

Action                   |  1- 3 |  4- 6 |  7- 9 || total
-------------------------+-------+-------+-------++-------
Melee: Dagger            |     8 |     6 |     5 ||    19
 Cast: Ensorcelled Hiber |     2 |       |    11 ||    13
 Abil: Evoke Invisibilit |     1 |     1 |     1 ||     3
  Use: Potion            |     1 |       |       ||     1
 Stab: Sleeping          |     3 |     6 |     2 ||    11
Dodge: Dodged            |     4 |       |    22 ||    26

Table legend:
 A = Spawn XP
 B = Non-spawn XP
 C = Spawn XP percentage of total XP
 D = Spawn monster count
 E = Non-spawn monster count
 F = Spawn count percentage of total count
 G = Total turns spent on level
                    A         B        C        D         E        F      G
               +---------+---------+-------+---------+---------+-------+---------
         Total |       0 |     838 |   0.0 |       0 |      13 |   0.0 |   991
               +---------+---------+-------+---------+---------+-------+---------
             D |       0 |     838 |   0.0 |       0 |      13 |   0.0 |   991
               +---------+---------+-------+---------+---------+-------+---------
